 Dungeon Crawl Stone Soup version 0.18.1-50-g88ac8fd (webtiles) character file.

58009 MummyLord the Destroyer (level 14, -4/85 HPs)
             Began as a Mummy Wizard on Oct 14, 2016.
             Was the Champion of Sif Muna.
             Slain by a dire elephant (19 damage)
             ... on level 8 of the Lair of Beasts.
             The game lasted 03:00:14 (25921 turns).

MummyLord the Destroyer (Mummy Wizard)             Turns: 25921, Time: 03:00:15

Health: -4/85      AC: 18    Str: 13    XL:     14   Next: 47%
Magic:  1/25       EV: 16    Int: 21    God:    Sif Muna [******]
Gold:   324        SH:  0    Dex: 12    Spells: 9 memorised, 1 level left

rFire  . . .     SeeInvis .     m - +9 trident of Disaster {freeze, rPois rC++ Str+3 Stlth+}
rCold  + + +     Gourm    .     N - +3 leather armour {rF+}
rNeg   + + +     Faith    .     (no shield)
rPois  ∞         Spirit   .     s - +2 helmet
rElec  .         Dismiss  .     v - +2 cloak
rCorr  .         Reflect  .     Z - +2 pair of gloves
SustAt .         Harm     .     h - +0 pair of boots
MR     +....                    A - amulet of regeneration
Stlth  ++++......               a - ring of stealth
                                U - +3 ring of evasion

@: repel missiles, somewhat resistant to hostile enchantments, stealthy
A: no food or potions, fire vulnerability, cold resistance 1, negative energy
resistance 3, torment resistance, unbreathing, in touch with death 1, restore
body
a: Self-Restoration, Channel Energy, Forget Spell, Renounce Religion


You were on level 8 of the Lair of Beasts.
You worshipped Sif Muna.
Sif Muna was exalted by your worship.
You were not hungry.

You visited 5 branches of the dungeon, and saw 21 of its levels.
You also visited: Labyrinth.

You collected 1451 gold pieces.
You spent 1127 gold pieces at shops.

Inventory:

Hand Weapons
 d - a +1 mace of protection
 m - the +9 trident of Disaster (weapon) {freeze, rPois rC++ Str+3 Stlth+}
   (You bought it in a shop on level 5 of the Dungeon)

   It has been specially enchanted to freeze those struck by it, causing extra
   injury to most foes and up to half again as much damage against particularly
   susceptible opponents.
   It can also slow down cold-blooded creatures.
   It affects your strength (+3).
   It greatly protects you from cold.
   It protects you from poison.
   It makes you more stealthy.
 V - a +2 eveningstar of draining
Armour
 h - a +0 pair of boots (worn)
 s - a +2 helmet (worn)
 v - a +2 cloak (worn)
 N - a +3 leather armour of fire resistance (worn)
 Z - a +2 pair of gloves (worn)
Jewellery
 a - a ring of stealth (right hand)
 g - an uncursed ring of flight
 n - a +4 ring of dexterity
 w - an uncursed ring of protection from fire
 A - an amulet of regeneration (around neck)
 U - a +3 ring of evasion (left hand)
 W - an uncursed ring of protection from cold
 X - an uncursed ring of protection from fire
Wands
 b - a wand of digging (10/24)
 p - a wand of acid (3/15)
 r - a wand of iceblast (7/15)
 P - a wand of paralysis (9/24)
 Y - a wand of hasting (3/9)
Scrolls
 e - a scroll of blinking
 i - 4 scrolls of magic mapping
 j - 5 scrolls of remove curse
 o - a scroll of torment
 t - 5 scrolls of teleportation
 u - a scroll of amnesia
 y - 2 scrolls of enchant armour
 z - 5 scrolls of fog
 C - a scroll of identify
 J - 3 scrolls of fear
 K - 3 scrolls of recharging
Books
 c - a book of Minor Magic

   Spells                             Type                      Level
   a - Magic Dart                     Conjuration                  1
   b - Blink                          Translocation                2
   c - Call Imp                       Summoning                    2
   d - Repel Missiles                 Charms/Air                   2
   e - Slow                           Hexes                        2
   f - Conjure Flame                  Conjuration/Fire             3
   g - Mephitic Cloud                 Conjuration/Poison/Air       3
 f - Duobeih's Handbook of Feathers and Ignition
   (Sif Muna gifted it to you on level 5 of the Lair of Beasts)

   Spells                             Type                      Level
   a - Flame Tongue                   Conjuration/Fire             1
   b - Swiftness                      Charms/Air                   2
   c - Lightning Bolt                 Conjuration/Air              5
   d - Fireball                       Conjuration/Fire             5
   e - Poisonous Cloud                Conjuration/Poison/Air       6
 k - Sif Muna's Collected Works on Dark Orientation
   (Sif Muna gifted it to you on level 7 of the Lair of Beasts)

   Spells                             Type                      Level
   a - Apportation                    Translocation                1
   b - Gell's Gravitas                Hexes/Translocation          3
   c - Recall                         Summoning/Translocation      3
   d - Portal Projectile              Translocation                3
   e - Animate Dead                   Necromancy                   4
   f - Cigotuvi's Embrace             Necromancy                   5
   g - Disjunction                    Translocation                8
 q - a book of Death

   Spells                             Type                      Level
   a - Corpse Rot                     Necromancy                   2
   b - Sublimation of Blood           Necromancy                   2
   c - Agony                          Necromancy                   5
   d - Dispel Undead                  Necromancy                   5
   e - Excruciating Wounds            Charms/Necromancy            5
   f - Bolt of Draining               Conjuration/Necromancy       5
 x - a book of Beasts

   Spells                             Type                      Level
   a - Summon Butterflies             Summoning                    1
   b - Call Canine Familiar           Summoning                    3
   c - Summon Ice Beast               Ice/Summoning                4
   d - Summon Mana Viper              Hexes/Summoning              5
   e - Summon Hydra                   Summoning                    7
Miscellaneous
 l - a disc of storms
 B - a plain deck of escape
 D - a plain deck of wonders


   Skills:
 - Level 8.8 Armour
 - Level 4.2 Dodging
 - Level 1.5 Stealth
 - Level 7.5 Spellcasting
 + Level 13.4 Conjurations
 - Level 5.3 Charms
   Level 0.7 Summonings
 * Level 5.7 Necromancy
 - Level 3.1 Translocations
 - Level 4.0 Air Magic
 - Level 7.5 Earth Magic
 - Level 5.0 Invocations


You had one spell level left.
You knew the following spells:

 Your Spells              Type           Power        Failure   Level  Hunger
a - Magic Dart            Conj           ####         1%          1    N/A
b - Stone Arrow           Conj/Erth      ######       1%          3    N/A
c - Mephitic Cloud        Conj/Pois/Air  ####....     2%          3    N/A
d - Blink                 Tloc           N/A          4%          2    N/A
e - Repel Missiles        Chrm/Air       ####..       1%          2    N/A
f - Iskenderun's Mystic   Conj           ######..     1%          4    N/A
g - Iskenderun's Battles  Conj/Chrm      #####...     8%          5    N/A
h - Shroud of Golubria    Chrm/Tloc      ####......   2%          2    N/A
i - Dispel Undead         Necr           #####...     28%         5    N/A

Dungeon Overview and Level Annotations

Branches:
Dungeon (10/15)            Temple (1/1) D:5            Lair (8/8) D:9
  Swamp (1/4) Lair:6       Spider (0/4) Lair:6        Slime (0/6) Lair:6
    Orc (1/2) D:9

Altars:
Ashenzari
Cheibriados
Dithmenos
Elyvilon
Fedhas
Gozag
Kikubaaqudgha
Makhleb
Nemelex Xobeh
Okawaru
Pakellas
Qazlal
Ru
Sif Muna
Trog
Vehumet
Xom
Yredelemnul
Zin
The Shining One
Beogh

Shops:
D:5 [[(:[


Innate Abilities, Weirdness & Mutations

You do not eat or drink.
Your flesh is vulnerable to fire.
You are immune to poison.
Your flesh is cold resistant.
You are immune to negative energy.
You are immune to unholy pain and torment.
You can survive without breathing.
You are in touch with the powers of death.
You can restore your body by infusing magical energy.


Message History

The stone arrow hits the dire elephant.
The dire elephant is severely wounded.
The dire elephant tramples you!!
You stumble backwards!
Casting: Stone Arrow
Confirm with . or Enter, or press ? or * to list all spells.
Aiming: Stone Arrow
Press: ? - help, Shift-Dir - straight line, f/p - dire elephant
Aim: a dire elephant (severely wounded)
The stone arrow hits the dire elephant.
The dire elephant is severely wounded.
The dire elephant tramples you!
* * * LOW HITPOINT WARNING * * *
You hold your ground!
The dire elephant misses you. The dire elephant tramples you.
* * * LOW HITPOINT WARNING * * *
You hold your ground!
The dire elephant trunk-slaps you but does no damage.
There is a large open door here.
The dire elephant tramples you!!
You die...

####### ###..##.##
##........# #####
♣.......@.## #.#.#
♣8♣##....#Y.# ...## ♣)♣
###'##''######### ###
....# ♣♣
#..8#....8##.≈≈##...?
#.?.##
#...#.....'..≈≈≈'.../
.....#
#.#.####.8#.≈≈≈≈'...?
..<..#
######'#....####.≈≈≈≈#...[
....##
#P.....####....#≈≈≈≈.#####
##.PP# #......#
####.###≈.###...


You could see a dire elephant.

Vanquished Creatures
  3 dire elephants
  Snorg (Lair:6)
  A minotaur (Lab)
  5 hydras
  An anaconda (Lair:8)
  Erica (D:8)
  8 death yaks
  A queen ant (Lair:6)
  The ghost of taxman66 the Frost Mage, a novice HEIE of Sif Muna (D:9)
  A cyclops (D:9)
  4 griffons
  16 elephants
  Maurice (D:8)
  3 black mambas
  2 molten gargoyles (Lair:3)
  6 spiny frogs
  5 rime drakes
  15 komodo dragons
  2 trolls (D:9)
  3 polar bears
  Prince Ribbit (Lair:3)
  Grinder (D:5)
  26 blink frogs
  4 slime creatures (Lair:6)
  A boulder beetle (Lair:8)
  2 wraiths (D:8)
  28 yaks
  2 hippogriffs
  A hungry ghost (D:8)
  7 swamp worms (Lair:6)
  A mottled dragon (D:9)
  19 soldier ants (Lair:6)
  18 water moccasins
  Duvessa (D:7)
  10 porcupines
  A sky beast (D:5)
  5 ogres
  4 ice beasts
  An eye of draining (D:8)
  8 orc warriors
  2 phantoms
  9 wolves
  22 crocodiles
  5 centaurs
  An elf zombie (D:8)
  A gnoll sergeant (D:6)
  14 giant frogs
  Dowan (D:7)
  A troll zombie (D:8)
  2 scorpions
  10 wights
  3 electric eels
  2 howler monkeys (D:9)
  A crimson imp (D:8)
  3 human zombies (D:8)
  5 lava snakes (Lair:3)
  A giant frog zombie (D:7)
  A jelly (D:5)
  2 hounds
  Crazy Yiuf (D:3)
  6 orc priests
  3 centaur skeletons
  A giant frog skeleton (D:5)
  A human skeleton (D:8)
  Jessica (D:2)
  26 worker ants
  18 orc wizards
  18 iguanas
  29 sheep
  An ogre zombie (D:8)
  A hound zombie (D:9)
  A hound skeleton (D:9)
  Robin (D:3)
  A mummy (D:8)
  3 worker ant zombies
  9 gnolls
  64 river rats
  14 adders
  A shadow imp (D:7)
  An ooze (D:2)
  2 adder zombies
  2 adder skeletons
  5 dart slugs
  7 giant geckos
  42 orcs
  5 giant cockroaches
  15 goblins
  11 hobgoblins
  13 jackals
  10 kobolds
  5 quokkas
  2 bats
  A giant gecko skeleton (D:8)
  13 giant newts
  5 rats
  A fungus (Lair:8)
  A plant (Lair:8)
648 creatures vanquished.

Vanquished Creatures (others)
  A soldier ant (Lair:6)
  A gnoll (D:8)
  25 fungi
  6 plants
33 creatures vanquished.

Grand Total: 681 creatures vanquished

Notes
Turn   | Place    | Note
--------------------------------------------------------------
     0 | D:1      | MummyLord the Mummy Wizard began the quest for the Orb.
     0 | D:1      | Reached XP level 1. HP: 13/13 MP: 4/4
   130 | D:1      | Reached skill level 1 in Conjurations
   498 | D:1      | Reached XP level 2. HP: 19/19 MP: 1/6
   921 | D:1      | Reached skill level 2 in Conjurations
  1532 | D:2      | Reached XP level 3. HP: 24/24 MP: 0/7
  1689 | D:2      | Noticed Jessica
  1693 | D:2      | Killed Jessica
  1693 | D:2      | Reached skill level 3 in Conjurations
  1719 | D:2      | Reached XP level 4. HP: 26/30 MP: 0/8
  2623 | D:3      | Reached skill level 4 in Conjurations
  2651 | D:2      | Reached XP level 5. HP: 35/35 MP: 0/9
  2675 | D:2      | Learned a level 2 spell: Blink
  2679 | D:2      | Learned a level 3 spell: Mephitic Cloud
  2682 | D:2      | Learned a level 2 spell: Repel Missiles
  3102 | D:3      | Noticed Crazy Yiuf
  3124 | D:3      | Killed Crazy Yiuf
  3343 | D:3      | Noticed Robin
  3683 | D:3      | Killed Robin
  3683 | D:3      | Reached skill level 5 in Conjurations
  3683 | D:3      | Reached XP level 6. HP: 32/41 MP: 0/10
  4635 | D:4      | Reached skill level 6 in Conjurations
  4926 | D:4      | Reached XP level 7. HP: 25/46 MP: 0/11
  5249 | D:4      | Found a radiant altar of Vehumet.
  5631 | D:5      | Entered Level 5 of the Dungeon
  5801 | D:5      | Found a staircase to the Ecumenical Temple.
  5844 | Temple   | Entered the Ecumenical Temple
  6098 | D:5      | Noticed Grinder
  6117 | D:5      | Paralysed by Grinder for 2 turns
  6127 | D:5      | Killed Grinder
  6127 | D:5      | Reached skill level 7 in Conjurations
  6448 | D:5      | Reached XP level 8. HP: 52/52 MP: 4/12
  6624 | D:5      | Reached skill level 8 in Conjurations
  6641 | D:5      | Found Veak's Antique Armour Boutique.
  6644 | D:5      | Bought an embroidered cloak for 67 gold pieces
  6721 | D:5      | Found Uptith's Book Shoppe.
  6749 | D:5      | Reached skill level 1 in Air Magic
  6789 | D:5      | Found Baypp's Antique Weapon Boutique.
  6853 | D:5      | Found Ylopetot's Armour Emporium.
  6914 | D:5      | Found a burning altar of Makhleb.
  6914 | D:5      | Noticed a balrug
  6945 | D:5      | Found Caprigh's Armour Shoppe.
  7793 | D:6      | Found a glowing silver altar of Zin.
  7793 | D:6      | Found a burning altar of Makhleb.
  7794 | D:6      | Noticed a balrug
  7794 | D:6      | Noticed an angel
  8170 | D:7      | Found a snail-covered altar of Cheibriados.
  8202 | D:7      | Reached skill level 9 in Conjurations
  8202 | D:7      | Reached XP level 9. HP: 57/57 MP: 2/13
  8287 | D:7      | Reached skill level 1 in Translocations
  9125 | D:7      | Found a shimmering altar of Xom.
  9180 | D:7      | Noticed Dowan
  9183 | D:7      | Noticed Duvessa
  9218 | D:7      | Killed Duvessa
  9229 | D:7      | Killed Dowan
  9406 | D:7      | Reached skill level 1 in Armour
 10099 | D:8      | Found a basalt altar of Yredelemnul.
 10141 | D:8      | Found a stormy altar of Qazlal.
 10150 | D:8      | Found a blossoming altar of Fedhas.
 10152 | D:8      | Found a shadowy altar of Dithmenos.
 10171 | D:8      | Found a sacrificial altar of Ru.
 10175 | D:8      | Found a deep blue altar of Sif Muna.
 10231 | D:8      | Became a worshipper of Sif Muna the Loreminder
 10311 | D:8      | Found a sacrificial altar of Ru.
 10829 | D:8      | Reached skill level 10 in Conjurations
 10865 | D:8      | Noticed Erica
 11640 | D:8      | Killed Erica
 11640 | D:8      | Reached XP level 10. HP: 34/63 MP: 2/15
 11764 | D:8      | Noticed Maurice
 11789 | D:8      | Killed Maurice
 12004 | D:5      | Bought a book of Conjurations for 420 gold pieces
 12009 | D:5      | Learned a level 4 spell: Iskenderun's Mystic Blast
 12077 | D:8      | Reached * piety under Sif Muna
 12239 | D:8      | Found an ancient bone altar of Kikubaaqudgha.
 12327 | D:9      | Noticed taxman66's ghost (novice HEIE)
 12432 | D:9      | Noticed a cyclops
 12469 | D:10     | Entered Level 10 of the Dungeon
 12512 | D:9      | Found an iron altar of Okawaru.
 12513 | D:9      | Found a bloodstained altar of Trog.
 12590 | D:9      | Reached skill level 5 in Spellcasting
 12943 | D:9      | Reached skill level 1 in Invocations
 12982 | D:9      | Found a staircase to the Orcish Mines.
 12993 | D:9      | Killed a cyclops
 13078 | D:8      | Reached ** piety under Sif Muna
 13359 | D:9      | Killed taxman66's ghost
 13419 | D:9      | Reached XP level 11. HP: 59/68 MP: 0/19
 13442 | D:9      | Reached skill level 11 in Conjurations
 13810 | D:9      | Found a staircase to the Lair.
 13951 | Orc:1    | Entered Level 1 of the Orcish Mines
 14040 | Orc:1    | Found a roughly hewn altar of Beogh.
 14283 | D:5      | Bought a +3 leather armour of fire resistance for 264 gold pieces
 14436 | Lair:1   | Entered Level 1 of the Lair of Beasts
 14452 | D:9      | Reached skill level 5 in Armour
 14630 | Lair:1   | Learned a level 3 spell: Stone Arrow
 14769 | Lair:1   | Reached *** piety under Sif Muna
 14902 | Lair:1   | Reached skill level 1 in Earth Magic
 15724 | Lair:2   | Noticed a four-headed hydra
 15730 | Lair:2   | Killed a four-headed hydra
 15730 | Lair:2   | Reached skill level 5 in Invocations
 16399 | Lair:3   | Learned a level 5 spell: Iskenderun's Battlesphere
 16424 | Lair:3   | Reached **** piety under Sif Muna
 16424 | Lair:3   | Reached XP level 12. HP: 74/74 MP: 10/23
 16546 | Lair:3   | Reached skill level 1 in Charms
 16720 | Lair:3   | Noticed Prince Ribbit
 16733 | Lair:3   | Killed Prince Ribbit
 17361 | Lair:3   | Reached ***** piety under Sif Muna
 17567 | Lair:4   | Found a labyrinth entrance.
 17577 | Lab      | Entered a labyrinth
 17900 | Lab      | Noticed a minotaur
 17937 | Lab      | Killed a minotaur
 17937 | Lab      | Reached skill level 12 in Conjurations
 17981 | Lab      | Got a glittering pewter ring
 17984 | Lab      | Identified the ring of Boaf {Ice rPois Str+7} (You found it in a labyrinth)
 17995 | Lab      | Learned a level 2 spell: Shroud of Golubria
 18881 | Lair:4   | Reached skill level 5 in Earth Magic
 19250 | D:5      | Bought a twisted trident for 195 gold pieces
 19281 | D:5      | Bought a +2 pair of gloves for 181 gold pieces
 19294 | D:5      | Identified the +9 trident of Disaster {freeze, rPois rC++ Str+3 Stlth+} (You bought it in a shop on level 5 of the Dungeon)
 19694 | Lair:5   | Noticed a death yak
 19694 | Lair:5   | Noticed a death yak
 19874 | Lair:4   | Killed a death yak
 20031 | Lair:5   | Noticed a death yak
 20036 | Lair:5   | Killed a death yak
 20122 | Lair:5   | Killed a death yak
 20122 | Lair:5   | Gained mutation: You are in touch with the powers of death. [Mummy growth]
 20122 | Lair:5   | Gained mutation: You can restore your body by infusing magical energy. [Mummy growth]
 20122 | Lair:5   | Reached XP level 13. HP: 56/79 MP: 1/24
 20276 | Lair:5   | Reached ****** piety under Sif Muna
 20436 | Lair:5   | Received a gift from Sif Muna
 20437 | Lair:5   | Identified Duobeih's Handbook of Feathers and Ignition (Sif Muna gifted it to you on level 5 of the Lair of Beasts)
 21205 | Lair:6   | Found a staircase to the Swamp.
 21239 | Swamp:1  | Entered Level 1 of the Swamp
 21705 | Lair:6   | Found a hole to the Spider Nest.
 22260 | Lair:6   | Found a staircase to the Slime Pits.
 22294 | Lair:6   | Noticed Snorg
 22318 | Lair:6   | Killed Snorg
 22673 | Lair:7   | Reached skill level 13 in Conjurations
 22931 | Lair:7   | Learned a level 5 spell: Dispel Undead
 23042 | Lair:7   | Reached skill level 1 in Necromancy
 23042 | Lair:7   | Reached XP level 14. HP: 85/85 MP: 8/25
 23818 | Lair:8   | Entered Level 8 of the Lair of Beasts
 23834 | Lair:7   | Received a gift from Sif Muna
 23835 | Lair:7   | Identified Sif Muna's Collected Works on Dark Orientation (Sif Muna gifted it to you on level 7 of the Lair of Beasts)
 23943 | Lair:8   | Reached skill level 5 in Charms
 24795 | Lair:8   | HP: 2/85 [dire elephant (32)]
 25477 | Lair:7   | Reached skill level 5 in Necromancy
 25921 | Lair:8   | Slain by a dire elephant

Skill      XL: |  1  2  3  4  5  6  7  8  9 10 11 12 13 14 |
---------------+-------------------------------------------+-----
Conjurations   | 1 2 3 4 5 6 7 9 10 11 12 13 | 13.4
Air Magic      | 4 |  4.0
Translocations | 3 |  3.1
Armour         | 3 4 6 7 8 |  8.8
Spellcasting   | 5 7 |  7.5
Invocations    | 2 5 |  5.0
Earth Magic    | 2 5 6 7 |  7.5
Charms         | 4 5 |  5.3
Dodging        | 2 4 |  4.2
Necromancy     | 1 5 |  5.7
Stealth        | |  1.5
Summonings     | |  0.7

Action                   |  1- 3 |  4- 6 |  7- 9 | 10-12 | 13-15 || total
-------------------------+-------+-------+-------+-------+-------++-------
Melee: Mace              |    10 |    76 |   230 |    90 |       ||   406
       Trident           |       |       |       |     1 |   260 ||   261
 Cast: Magic Dart        |    70 |   210 |   461 |   455 |   209 ||  1405
       Mephitic Cloud    |       |     5 |    22 |    59 |    46 ||   132
       Repel Missiles    |       |     2 |     3 |     4 |       ||     9
       Iskenderun's Myst |       |       |       |   266 |   121 ||   387
       Stone Arrow       |       |       |       |   139 |   250 ||   389
       Iskenderun's Batt |       |       |       |    14 |    32 ||    46
       Shroud of Golubri |       |       |       |     4 |    57 ||    61
       Blink             |       |       |       |     1 |     7 ||     8
Invok: Channel Energy    |       |       |       |   812 |   639 ||  1451
Evoke: Wand              |       |       |     3 |     2 |       ||     5
  Use: Scroll            |       |       |     9 |    12 |     7 ||    28
 Stab: Confused          |       |     1 |    13 |     2 |     9 ||    25
Armor: Robe              |     7 |    63 |   160 |    94 |       ||   324
       Leather armour    |       |       |       |   119 |   191 ||   310
Dodge: Dodged            |    14 |   118 |   233 |   289 |   374 ||  1028
       Deflected         |       |     5 |     9 |     5 |       ||    19
